AoeStats
← Kamißon

Nomad

508702871Analyzed
4v4 RM · 9d ago on Sep 23, 2026· 84m 50s· 8 players
Game mode
Random Map
Map size
231×231
Population
200
Speed
Normal
Resources
Standard
Victory
Conquest
Starting age
Dark Age
Ending age
Imperial Age
RankedLock teamsTeams togetherTeam positionsShared explorationLock speedFull tech treeHidden civsTurbo modeCheats
Victory
Defeat
🇮🇳 Khitans · India
944
+17
🇹🇷 Huns · Türkiye
901
+18
🇫🇷 Franks · France
884
+19
🇹🇷 Sicilians · Türkiye
882
+19
🇹🇷 Huns · Türkiye
982
-19
🇹🇷 Magyars · Türkiye
965
-19
🇹🇷 Dravidians · Türkiye
933
-18
🇹🇷 Ethiopians · Türkiye
924
-17
Thicc Daddy
4:14 Loom
16:58 Feudal Age
19:06 Double-Bit Axe
19:11 Town Watch
21:58 Castle Age
22:45 Husbandry
24:10 Forging
25:28 Iron Casting
24:49 Gold Mining
26:53 Stone Mining
28:49 Scale Barding Armor
29:24 Stone Shaft Mining
29:22 Domestication
32:13 Pastoralism
35:24 Wheelbarrow
35:48 Fletching
35:58 Padded Archer Armor
36:38 Bodkin Arrow
37:16 Bow Saw
37:18 Elite Skirmisher
39:03 Thumb Ring
39:48 Scale Mail Armor
40:04 Leather Archer Armor
44:05 Imperial Age
42:27 Chain Mail Armor
43:37 Chain Barding Armor
44:29 Lamellar Armor
45:37 Conscription
45:53 Bracer
46:17 Ballistics
46:19 Elite Liao Dao
47:45 Ring Archer Armor
48:57 Plate Mail Armor
54:25 Transhumance
58:51 Two-Man Saw
61:43 Chemistry
61:13 Hand Cart
61:00 Town Patrol
63:24 Squires
63:11 Arson
68:45 Treadmill Crane
76:23 Murder Holes
76:39 Masonry
78:51 Elite Steppe Lancer
80:07 Plate Barding Armor
84:29 Guilds
[JRA] MELITIAN
7:03 Loom
15:29 Feudal Age
22:40 Gold Mining
26:58 Castle Age
31:08 Pikeman
34:49 Elite Skirmisher
39:22 Fletching
39:32 Padded Archer Armor
52:14 Imperial Age
60:59 Forging
60:50 Scale Mail Armor
60:58 Squires
60:43 Arson
60:23 Halberdier
62:26 Wheelbarrow
63:45 Iron Casting
63:25 Chain Mail Armor
64:19 Elite Serjeant
66:25 Gold Shaft Mining
65:38 Double-Bit Axe
68:54 Plate Mail Armor
76:11 Blast Furnace
82:00 Fishing Lines
82:39 Hand Cart
83:14 Scale Barding Armor
83:05 Bodkin Arrow
83:26 Leather Archer Armor
[JRA]BATU
14:09 Feudal Age
21:23 Castle Age
20:03 Horse Collar
20:16 Gold Mining
20:18 Stone Mining
20:16 Double-Bit Axe
20:39 Fishing Lines
33:48 Wheelbarrow
34:08 Gold Shaft Mining
37:53 Hand Cart
39:11 Bow Saw
40:00 Heavy Plow
40:39 Thumb Ring
41:09 Ballistics
45:01 Imperial Age
42:46 Bloodlines
42:36 Husbandry
43:22 Padded Archer Armor
43:12 Fletching
44:48 Husbandry
46:39 Leather Archer Armor
46:19 Bodkin Arrow
46:30 Scale Barding Armor
47:30 Parthian Tactics
47:24 Cavalier
48:09 Bracer
48:03 Town Watch
48:56 Conscription
49:59 Two-Man Saw
49:26 Chain Barding Armor
53:01 Plate Barding Armor
54:05 Paladin
55:34 Heavy Cavalry Archer
59:44 Forging
71:16 Caravan
72:41 Iron Casting
80:06 Blast Furnace
Socrate78
7:18 Loom
15:21 Feudal Age
17:33 Wheelbarrow
16:56 Double-Bit Axe
19:12 Fletching
22:08 Castle Age
20:13 Gold Mining
37:04 Ballistics
40:05 Bodkin Arrow
40:17 Ordonnance Companies
48:26 Scale Barding Armor
48:32 Forging
52:35 Chain Barding Armor
53:02 Iron Casting
73:18 Imperial Age
74:17 Husbandry
76:21 Conscription
80:35 Light Cavalry
default
12:32 Loom
16:08 Feudal Age
16:59 Double-Bit Axe
18:48 Wheelbarrow
18:49 Gold Mining
22:41 Castle Age
24:01 Medium Warships
25:52 Bow Saw
25:40 Pikeman
26:05 Gambesons
26:20 Squires
26:06 Arson
28:45 Hand Cart
30:52 Ballistics
30:22 Horse Collar
33:28 Town Watch
34:05 Forging
33:55 Scale Mail Armor
34:10 Town Patrol
38:02 Imperial Age
35:45 Stone Mining
36:56 Iron Casting
36:37 Chain Mail Armor
38:12 Halberdier
40:23 Chemistry
40:45 Blast Furnace
40:16 Plate Mail Armor
40:51 Two-Man Saw
39:54 Heavy Plow
46:31 Wootz Steel
51:39 Elite Urumi Swordsman
52:41 Conscription
52:56 Hoardings
56:33 Elite Skirmisher
57:20 Thumb Ring
57:24 Medical Corps
56:45 Elite Elephant Archer
61:15 Masonry
63:22 Fletching
63:32 Padded Archer Armor
elfce
6:51 Loom
17:01 Feudal Age
18:10 Double-Bit Axe
19:22 Wheelbarrow
21:16 Fishing Lines
24:50 Castle Age
26:06 Wheelbarrow
27:20 Bow Saw
28:19 Gillnets
29:55 Hand Cart
31:15 Scale Barding Armor
32:24 Chain Barding Armor
33:25 Town Watch
34:49 Fletching
35:18 Corvinian Army
35:29 Thumb Ring
36:18 Town Patrol
40:21 Imperial Age
38:27 Ballistics
38:46 Heated Shot
39:00 Padded Archer Armor
41:14 Sappers
43:41 Parthian Tactics
44:45 Plate Barding Armor
44:06 Bodkin Arrow
45:15 Chemistry
44:18 Recurve Bow
46:20 Hoardings
48:14 Murder Holes
48:22 Caravan
48:24 Bracer
48:07 Elite Magyar Huszar
49:56 Gold Mining
49:56 Stone Mining
50:55 Conscription
49:58 Heavy Cavalry Archer
52:04 Two-Man Saw
57:24 Masonry
64:29 Leather Archer Armor
63:37 Pikeman
66:04 Gold Shaft Mining
66:06 Ring Archer Armor
68:31 Halberdier
69:15 Arson
78:38 Elite Skirmisher
Wallcanes
14:55 Feudal Age
22:12 Castle Age
21:01 Padded Archer Armor
20:52 Fletching
24:49 Thumb Ring
24:32 Crossbowman
26:22 Leather Archer Armor
42:37 Imperial Age
42:37 Scale Barding Armor
55:27 Squires
59:13 Wheelbarrow
59:29 Ring Archer Armor
59:45 Bodkin Arrow
60:02 Gold Mining
60:03 Stone Mining
60:59 Hand Cart
60:34 Double-Bit Axe
60:33 Horse Collar
60:59 Bracer
62:06 Elite Skirmisher
63:56 Bow Saw
64:46 Ballistics
65:29 Chemistry
64:30 Halberdier
65:53 Heavy Plow
67:52 Heavy Cavalry Archer
69:32 Royal Heirs
72:41 Heavy Camel Rider
74:48 Chain Barding Armor
74:39 Forging
82:56 Iron Casting
Kamißon
10:18 Loom
17:11 Feudal Age
17:42 Horse Collar
21:57 Double-Bit Axe
25:03 Bloodlines
26:40 Forging
31:28 Castle Age
31:43 Wheelbarrow
40:25 Bow Saw
41:00 Marauders
43:11 Heavy Plow
45:38 Fishing Lines
48:06 Gillnets
49:46 Iron Casting
49:17 Scale Barding Armor
49:02 Fletching
49:13 Padded Archer Armor
50:18 Hand Cart
49:48 Town Watch
55:43 Imperial Age
52:58 Pikeman
53:38 Squires
53:23 Arson
53:23 Elite Skirmisher
55:56 Halberdier
60:59 Blast Furnace
59:59 Scale Mail Armor
60:20 Chain Barding Armor
61:00 Blast Furnace
59:55 Bodkin Arrow
60:15 Leather Archer Armor
60:14 Elite Tarkan
61:18 Conscription
63:08 Coinage
64:20 Plate Barding Armor
65:15 Husbandry
70:35 Cavalier
75:14 Thumb Ring
75:16 Light Cavalry
77:17 Chemistry
76:43 Ballistics
79:41 Chain Mail Armor
81:27 Hussar
Connection lost

Rejoining the realm…

Still unreachable

The connection could not be restored.

Session expired

The server has moved on; the page needs a fresh start.